 Dungeon Crawl Stone Soup version 0.21.0-3-g78d12a8 (webtiles) character file.

3870 Gaball the Basher (level 10, -6/59 HPs)
             Began as a Gargoyle Monk on Jan 13, 2018.
             Was a Priest of Okawaru.
             Mangled by a two-headed ogre
             ... wielding a +0 giant club
              (16 damage)
             ... on level 9 of the Dungeon.
             The game lasted 00:29:48 (12862 turns).

Gaball the Basher (Gargoyle Monk)                  Turns: 12862, Time: 00:29:48

Health: -6/59      AC: 14    Str: 17    XL:     10   Next: 19%
Magic:  10/10      EV: 11    Int: 11    God:    Okawaru [***...]
Gold:   367        SH:  0    Dex: 13    Spells: 9/9 levels left

rFire    . . .     SeeInvis .   a - +0 mace
rCold    . . .     Gourm    .   (no shield)
rNeg     + . .     Faith    +   m - +0 ring mail
rPois    ∞         Spirit   .   u - +0 helmet
rElec    +         Reflect  .   (no cloak)
rCorr    .         Harm     .   y - +0 pair of gloves
MR       .....                  (no boots)
Stlth    +.........             n - amulet of faith
HPRegen  0.19/turn              (no ring)
MPRegen  0.12/turn              (no ring)

@: no status effects
A: negative energy resistance 1, electricity resistance, unbreathing,
petrification resistance, rot immunity, AC +7
a: Heroism, Renounce Religion


You were on level 9 of the Dungeon.
You worshipped Okawaru.
Okawaru was most pleased with you.
You were near starving.

You visited 2 branches of the dungeon, and saw 10 of its levels.

You collected 555 gold pieces.
You spent 188 gold pieces at shops.

Inventory:

Hand Weapons
 a - a +0 mace (weapon)
 B - a -1 whip
Missiles
 j - 7 silver tomahawks (quivered)
Armour
 b - a +0 robe
 m - a +0 ring mail (worn)
 u - a +0 helmet (worn)
 y - a +0 pair of gloves (worn)
 E - a +0 chain mail
Jewellery
 e - a cursed ring of stealth {unknown}
 n - an amulet of faith (around neck)
 H - an uncursed amulet of guardian spirit {unknown}
Wands
 w - a wand of iceblast (2)
 D - a wand of enslavement (8)
 J - a wand of digging (17)
Scrolls
 d - 3 scrolls of teleportation
 h - a scroll of enchant armour {unknown}
 l - 2 scrolls of blinking
 r - a scroll of identify
 s - a scroll of immolation
 A - a scroll of amnesia
 F - a scroll of vulnerability
Potions
 f - a potion of invisibility {unknown}
 g - a potion of haste {unknown}
 i - a potion of flight {unknown}
 o - a potion of heal wounds {unknown}
 p - a potion of magic {unknown}
 q - 3 potions of brilliance
 t - a potion of degeneration {unknown}
 v - 2 potions of might {unknown}
 x - a potion of mutation {unknown}
 C - a potion of resistance {unknown}
 G - a potion of curing
Books
 k - a book of Frost

   Spells                             Type                      Level
   a - Freeze                         Ice                          1
   b - Throw Frost                    Conjuration/Ice              2
   c - Ozocubu's Armour               Charms/Ice                   3
   d - Throw Icicle                   Conjuration/Ice              4
   e - Summon Ice Beast               Ice/Summoning                4
 I - a book of Maledictions

   Spells                             Type                      Level
   a - Corona                         Hexes                        1
   b - Ensorcelled Hibernation        Hexes/Ice                    2
   c - Confuse                        Hexes                        3
   d - Tukima's Dance                 Hexes                        3
   e - Dazzling Spray                 Conjuration/Hexes            3
Comestibles
 c - 9 rations


   Skills:
 + Level 5.4 Fighting
 + Level 13.6 Maces & Flails
 - Level 2.4 Dodging
 - Level 2.1 Stealth


You had 9 spell levels left.
You didn't know any spells.

Dungeon Overview and Level Annotations

Branches:
Dungeon (9/15)             Temple (1/1) D:5            Lair (0/6) D:8
    Orc: D:9-12

Altars:
Ashenzari
Hepliaklqana
Okawaru
Sif Muna

Shops:
D:5 %   D:6 *

Annotations:
D:3 Grinder
D:4 Scuka's ghost, novice BaFi
D:6 Edmund; Menkaure
D:7 Agrougrou's ghost, novice BaFi


Innate Abilities, Weirdness & Mutations

You are resistant to torment.
Your stone body is resilient. (AC +7)
You are immune to poison.
You resist negative energy. (rN+)
You are resistant to electric shocks. (rElec)
You can survive without breathing.
You are immune to petrification.
You are immune to rotting.


Message History

The two-headed ogre hits you with a giant club!
The two-headed ogre hits you but does no damage.
The adder bites you but does no damage.
You hit the two-headed ogre but do no damage.
The two-headed ogre is heavily wounded.
The adder bites you.
You hit the two-headed ogre.
The two-headed ogre is heavily wounded.
The two-headed ogre completely misses you.
The two-headed ogre hits you with a giant spiked club!
You sock the two-headed ogre!
The two-headed ogre is severely wounded.
The adder barely misses you.
You hit the two-headed ogre but do no damage.
The two-headed ogre is severely wounded.
The adder barely misses you. The two-headed ogre misses you.
The two-headed ogre hits you with a giant spiked club!!
* * * LOW HITPOINT WARNING * * *
The two-headed ogre hits you with a giant club!
You die...

####.## ####.8...8.#
#...# #.......# ##.###
##.....## #..# #8...8#
##'##### ##.).##
#......# ###)###
#......# #.....#
##......# #SO...#
.'......#### #@....#
##......'..## #.....#
##......##..####.....#
##......###....'.....#
#......# ######.....#
#......# #.....#
##..#### ####'##
###.#### ##..#
.......# #..##


You could see a two-headed ogre and an adder.

Vanquished Creatures
  Pikel (D:6)
  A hippogriff (D:8)
  Sigmund (D:3)
  A hungry ghost (D:7)
  3 porcupines (D:8)
  2 black bears (D:8)
  2 ice beasts
  3 wolves
  A phantom (D:7)
  4 centaurs
  A crocodile (D:8)
  A bullfrog (D:9)
  2 scorpions
  4 wights (D:9)
  A crimson imp (D:6)
  4 hounds
  5 orc priests
  2 bullfrog skeletons
  2 iguanas
  4 orc wizards
  7 worker ants
  A hound skeleton (D:5)
  A gnoll (D:6)
  11 adders
  2 shadow imps
  An adder zombie (D:7)
  4 worms
  4 dart slugs
  8 leopard geckos
  26 orcs
  A ball python (D:4)
  9 giant cockroaches
  11 goblins
  14 hobgoblins
  2 jackals (D:7)
  2 quokkas (D:7)
  6 bats
  2 frilled lizards
  11 kobolds
  A leopard gecko skeleton (D:4)
  A quokka skeleton (D:6)
  6 rats
176 creatures vanquished.

Vanquished Creatures (collateral kills)
  A porcupine (D:8)
  A crocodile (D:8)
  A bullfrog (D:8)
  3 orc wizards (D:7)
6 creatures vanquished.

Vanquished Creatures (others)
  An orc warrior (D:9)
  A slave (D:6)
2 creatures vanquished.

Grand Total: 184 creatures vanquished

Notes
Turn   | Place    | Note
-------+----------+-------------------------------------------
     0 | D:1      | Gaball the Gargoyle Monk began the quest for the Orb.
     0 | D:1      | Reached XP level 1. HP: 14/14 MP: 1/1
   100 | D:1      | Reached XP level 2. HP: 19/19 MP: 2/2
   392 | D:1      | Reached skill level 4 in Maces & Flails
   404 | D:1      | Reached XP level 3. HP: 19/23 MP: 3/3
  1013 | D:2      | Reached XP level 4. HP: 28/28 MP: 4/4
  1229 | D:2      | Reached skill level 5 in Maces & Flails
  1709 | D:3      | Noticed Grinder
  1846 | D:3      | Noticed Sigmund
  2404 | D:4      | Reached XP level 5. HP: 26/32 MP: 5/5
  2501 | D:4      | Reached skill level 6 in Maces & Flails
  2738 | D:4      | Noticed Scuka's ghost (novice BaFi)
  3123 | D:4      | Reached XP level 6. HP: 37/37 MP: 6/6
  3746 | D:4      | Reached skill level 7 in Maces & Flails
  3991 | D:5      | Entered Level 5 of the Dungeon
  4351 | D:3      | Killed Sigmund
  4351 | D:3      | Reached XP level 7. HP: 9/41 MP: 7/7
  4617 | D:5      | Reached skill level 8 in Maces & Flails
  4840 | D:5      | Found Osiuruv's Food Shop.
  5122 | D:5      | Found a staircase to the Ecumenical Temple.
  5244 | Temple   | Entered the Ecumenical Temple
  5656 | D:5      | Reached skill level 9 in Maces & Flails
  6178 | D:6      | Noticed Menkaure
  6269 | D:6      | Reached XP level 8. HP: 46/46 MP: 8/8
  6539 | D:6      | Found a shattered altar of Ashenzari.
  6958 | D:6      | Noticed Edmund
  7115 | D:6      | Found Suqoid's Assorted Antiques.
  7120 | D:6      | Noticed Pikel
  7151 | D:6      | Killed Pikel
  7151 | D:6      | Reached skill level 11 in Maces & Flails
  7160 | D:6      | Bought a scroll of teleportation for 96 gold pieces
  7160 | D:6      | Bought a scroll labeled UVOIFU ZONT for 32 gold pieces
  7160 | D:6      | Bought a scroll labeled SELIVECWUQ for 32 gold pieces
  7160 | D:6      | Bought a lumpy inky potion for 28 gold pieces
  7569 | D:7      | Noticed Agrougrou's ghost (novice BaFi)
  7760 | D:7      | Reached XP level 9. HP: 50/51 MP: 9/9
  8521 | D:7      | Found a hazy altar of Hepliaklqana.
  8613 | D:7      | Found a deep blue altar of Sif Muna.
  9193 | D:8      | Reached skill level 12 in Maces & Flails
  9297 | D:8      | Found an iron altar of Okawaru.
  9322 | D:8      | Became a worshipper of Warmaster Okawaru
  9322 | D:8      | Reached * piety under Okawaru
  9322 | D:8      | Reached ** piety under Okawaru
  9689 | D:8      | HP: 1/51 [hippogriff (6)]
 10583 | D:8      | Found a staircase to the Lair.
 10651 | D:7      | Reached skill level 13 in Maces & Flails
 10671 | D:7      | HP: 2/76 [wolf (4)]
 11061 | D:8      | Reached *** piety under Okawaru
 11449 | D:8      | Reached XP level 10. HP: 11/58 MP: 10/10
 11962 | D:9      | Reached skill level 5 in Fighting
 12109 | D:9      | Noticed a two-headed ogre
 12340 | D:9      | Found a runed door.
 12862 | D:9      | Mangled by a two-headed ogre

Skill      XL: |  1  2  3  4  5  6  7  8  9 10 |
---------------+-------------------------------+-----
Maces & Flails | 4 5 6 7 9 11 13 | 13.6
Fighting       | 4 5 |  5.4
Dodging        | |  2.4
Stealth        | |  2.1

Action                   |  1- 3 |  4- 6 |  7- 9 | 10-12 || total
-------------------------+-------+-------+-------+-------++-------
Melee: Mace              |    85 |   214 |   300 |   105 ||   704
       Whip              |       |       |   360 |       ||   360
Evoke: Wand              |       |       |     4 |     4 ||     8
  Use: Scroll            |       |     4 |    10 |       ||    14
       Potion            |       |     4 |     2 |       ||     6
 Stab: Sleeping          |     4 |     1 |     1 |       ||     6
  Eat: Chunk             |       |     7 |    10 |     3 ||    20
       Ration            |       |     1 |     6 |       ||     7
Armor: Robe              |    26 |       |       |       ||    26
       Ring mail         |     1 |    84 |   232 |    44 ||   361
Dodge: Dodged            |    48 |    93 |   234 |    48 ||   423
